 Dungeon Crawl Stone Soup version 0.20-a0-464-g526fb3c (webtiles) character file.

4 esc the Grave Robber (level 1, 0/15 HPs)
             Began as a Hill Orc Necromancer on Jan 11, 2017.
             Slain by a jackal (2 damage)
             ... on level 1 of the Dungeon.
             The game lasted 00:00:56 (136 turns).

esc the Grave Robber (Hill Orc Necromancer)          Turns: 136, Time: 00:00:57

Health: 0/15       AC:  2    Str: 10    XL:     1   Next: 60%
Magic:  1/3        EV: 12    Int: 15    God:
Gold:   3          SH:  0    Dex: 11    Spells: 2/3 levels left

rFire  . . .     SeeInvis .     d - +0 club
rCold  . . .     Gourm    .     a - +0 robe
rNeg   . . .     Faith    .     (no shield)
rPois  .         Spirit   .     (no helmet)
rElec  .         Reflect  .     (no cloak)
rCorr  .         Harm     .     (no gloves)
MR     .....                    (no boots)
Stlth  ++........               (no amulet)
                                (no ring)
                                (no ring)

@: no status effects
A: no striking features
a: no special abilities


You were on level 1 of the Dungeon.
You were not hungry.

You visited 1 branch of the dungeon, and saw 1 of its levels.

You collected 3 gold pieces.

Inventory:

Hand Weapons
 d - a +0 club (weapon)
   (You found it on level 1 of the Dungeon)
Armour
 a - a +0 robe (worn)
Books
 b - a book of Necromancy
Comestibles
 c - a bread ration {@e1}
 f - 2 chunks of flesh {@w0}


   Skills:
 + Level 0.8 Fighting
 - Level 1.5 Dodging
 - Level 1.5 Stealth
 + Level 1.7 Spellcasting
 + Level 4.0 Necromancy


You had 2 spell levels left.
You knew the following spells:

 Your Spells              Type           Power        Failure   Level  Hunger
a - Pain                  Necr           ##..         6%          1    ##.....


Dungeon Overview and Level Annotations

Branches:
Dungeon (1/15)

Altars:


Message History

Welcome, esc the Hill Orc Necromancer.
Will you prevail where others failed? Will you find the Orb of Zot?
Found a club.
Found a staircase leading out of the dungeon.
d - a club Wield which item (- for none, * to show all)? (? for menu, Esc to quit)
d - a +0 club (weapon)
You now have 3 gold pieces. 3 jackals and a goblin come into view.
Aim: a jackal (chance to defeat MR: 83%)
The jackal writhes in agony!
You kill the jackal!
You take 1 damage, and have 13/14 hp.
You now have 2/3 mp.
You start resting.
You hit the goblin. The goblin hits you but does no damage.
You hit the goblin. The goblin barely misses you.
The goblin closely misses you.
You barely miss the goblin. The goblin misses you.
You barely miss the goblin. The goblin hits you.
You take 2 damage, and have 11/14 hp.
You barely miss the goblin. The goblin misses you.
MP restored: 3 You hit the goblin.
You kill the goblin!
You see here a goblin corpse.
You butcher the goblin corpse.
f - 2 chunks of flesh {@w0} You start resting.
Health restored: 15 The jackal barks!
A hobgoblin comes into view. It is wielding a club.
The hobgoblin shouts!
You hear a bark!
The hobgoblin hits you with a club!
You take 7 damage, and have 8/15 hp.
MASSIVE DAMAGE!!
Aim: a hobgoblin, wielding a club (chance to defeat MR: 83%)
The hobgoblin writhes in agony!
The hobgoblin barely misses you.
You take 1 damage, and have 7/15 hp.
You now have 2/3 mp.
Aim: a hobgoblin, wielding a club (moderately wounded, chance to defeat MR: 83%)
The hobgoblin writhes in agony!
You kill the hobgoblin!
You take 1 damage, and have 6/15 hp.
You now have 1/3 mp.
Aim: a jackal (chance to defeat MR: 83%)
The jackal writhes in agony!
The jackal bites you but does no damage.
The jackal misses you.
You take 1 damage, and have 5/15 hp.
You now have 0/3 mp.
The jackal barely misses you.
You closely miss the jackal. The jackal bites you.
* * * LOW HITPOINT WARNING * * *
The jackal barely misses you.
You take 2 damage, and have 3/15 hp.
You don't have enough magic to cast that spell.
You miss the jackal. The jackal barely misses you.
You barely miss the jackal. The jackal misses you.
The jackal bites you but does no damage.
You hit the jackal. The jackal misses you. The jackal bites you.
* * * LOW HITPOINT WARNING * * *
You take 2 damage, and have 1/15 hp.
You aren't carrying any potions.
You barely miss the jackal. The jackal barely misses you. x2
You barely miss the jackal. The jackal barely misses you. The jackal bites you.
You die...

#.#.#####
#.......#
#.#######
#........
#.#######
#.......#
#.#####.#
#####.#.#...#.#
#hh@$.#.#.#.#.#
#.#####.#.###.#
#..h....#.....#
#######.#######
#.# ... ....
..... ....h..


You could see 2 jackals.

Vanquished Creatures
  A goblin (D:1)
  A hobgoblin (D:1)
  A jackal (D:1)
3 creatures vanquished.

Notes
Turn   | Place    | Note
-------+----------+-------------------------------------------
     0 | D:1      | esc the Hill Orc Necromancer began the quest for the Orb.
     0 | D:1      | Reached XP level 1. HP: 14/14 MP: 3/3
   131 | D:1      | HP: 3/15 [jackal (2)]
   134 | D:1      | HP: 1/15 [jackal (2)]
   136 | D:1      | Slain by a jackal

Vault maps used:
D:1:      matt_arrival_spirals, minmay_pentomino_s2

Action                   || total
-------------------------++-------
Melee: Club              ||    12
 Cast: Pain              ||     4
Armor: Robe              ||     3
Dodge: Dodged            ||    14

Vault maps used:
D:1:      matt_arrival_spirals, minmay_pentomino_s2

Table legend:
 A = Turns spent in this place as a percentage of turns spent in the entire game.
 B = Non-inter-level travel turns spent in this place as a percentage of non-inter-level travel turns spent in the entire game.
 C = Inter-level travel turns spent in this place as a percentage of turns spent in this place.
 D = Turns resting spent in this place as a percentage of non-inter-level travel turns spent in this place.
 E = Turns spent auto-exploring this place as a percentage of non-inter-level travel turns spent in this place.
 F = Non-inter-level travel turns spent in this place divided by the number of levels of this place that you've seen.
                   A       B       C       D       E      F
               +-------+-------+-------+-------+-------+----------------------
         Total | 100.0 | 100.0 |   0.0 |   7.8 |   2.0 |  51.0
       Dungeon | 100.0 | 100.0 |   0.0 |   7.8 |   2.0 |  51.0
               +-------+-------+-------+-------+-------+----------------------

Table legend:
 A = Kills in this place as a percentage of kills in entire the game.
 B = Kills by you in this place as a percentage of kills by you in the entire game.
 C = Kills by friends in this place as a percentage of kills by friends in the entire game.
 D = Other kills in this place as a percentage of other kills in the entire game.
 E = Experience gained in this place as a percentage of experience gained in the entire game.
 F = Experience gained in this place divided by the number of levels of this place that you have seen.
                   A       B       C       D       E      F
               +-------+-------+-------+-------+-------+----------------------
         Total | 100.0 | 100.0 |  -nan |  -nan | 100.0 |   6.0
       Dungeon | 100.0 | 100.0 |  -nan |  -nan | 100.0 |   6.0
               +-------+-------+-------+-------+-------+----------------------
